 Dungeon Crawl Stone Soup version 0.27-a0-1532-gca18f49f40 (webtiles) character file.

Game seed: 6405646998982833078

63 garrulousMonolith the Magician (level 4, 0/33 HPs)
             Began as a Djinni Air Elementalist on July 12, 2021.
             Slain by a centaur (3 damage)
             ... on level 3 of the Dungeon.
             The game lasted 00:01:54 (2376 turns).

garrulousMonolith the Magician (DjAE)               Turns: 2376, Time: 00:01:54

Health: 0/33       AC:  3    Str:  7    XL:     4   Next: 31%
Gold:   51         EV: 12    Int: 18    God:
                   SH:  0    Dex: 13

rFire    + + .     SeeInvis +   k - +0 trident
rCold    x . .     Faith    .   (no shield)
rNeg     . . .     Spirit   .   i - +0 leather armour
rPois    ∞         Reflect  .   (no helmet)
rElec    .         Harm     .   (no cloak)
rCorr    .         Rampage  .   (no gloves)
Will     .....                  (boots unavailable)
Stlth    ++........             (no amulet)
HPRegen  0.11/turn              b - ring of see invisible
MPRegen  0.00/turn              (no ring)

@: brilliant, flying
A: sickness immunity, fire resistance 2, cold vulnerability 1, float, innate
caster, hp casting, extra vitality 1
a: no special abilities


You were on level 3 of the Dungeon.
You visited 1 branch of the dungeon, and saw 3 of its levels.

You collected 51 gold pieces.

Inventory:

Hand Weapons
 k - a +0 trident (weapon)
Missiles
 f - 68 stones
Armour
 a - a +0 robe
 g - a +0 ring mail
 i - a +0 leather armour (worn)
Jewellery
 b - a ring of see invisible (left hand)
Scrolls
 c - a scroll of enchant armour {unknown}
 d - a scroll of blinking {unknown}
 e - a scroll of enchant weapon {unknown}
 m - a scroll of noise {unknown}
 n - a scroll of summoning {unknown}
Potions
 h - a potion of magic {unknown}
 j - a potion of curing {unknown}
 l - a potion of might {unknown}
 o - a potion of berserk rage {unknown}


   Skills:
 * Level 1.9 Fighting
 + Level 2.8 Dodging
 - Level 2.0 Stealth
 * Level 2.9 Spellcasting


You couldn't memorise any spells.
You knew the following spells:

 Your Spells              Type           Power      Damage    Failure   Level
a - Shock                 Conj/Air       80%        1d8       8%          1
b - Airstrike             Air            10%        N/A       58%         4
c - Static Discharge      Conj/Air       20%        N/A       11%         2
d - Swiftness             Air            20%        N/A       22%         3
e - Corona                Hex            22%        N/A       8%          1
Your spell library was empty.

Dungeon Overview and Level Annotations

Branches:
Dungeon (3/15)

Altars:


Innate Abilities, Weirdness & Mutations

You are immune to sickness and miasma.
You are immune to poison.
Your flesh is very heat resistant. (rF++)
You are vulnerable to cold. (rC-)
You float through the air rather than walking.
You learn spells naturally, not from books.
Your magical power is your life essence.
You have superior vitality. (+4 HP)


Message History

HP restored.
You see here a ball python corpse.
f - 68 stones (gained 26)
A centaur comes into view.
A centaur is nearby!
Casting: Shock (safe; 8% risk of failure)
Confirm with . or Enter, or press ? or * to list all spells.
Aiming: Shock (safe; 8% risk of failure)
Press: ? - help, Shift-Dir - straight line The zap hits the centaur.
The centaur is lightly wounded.
The centaur shouts!
The zap hits the centaur.
The centaur is moderately wounded.
The centaur wields a +0 shortbow.
The centaur shoots an arrow.
The arrow hits you!
The centaur shoots an arrow.
The arrow hits you!
* * * LOW HITPOINT WARNING * * *
The centaur shoots an arrow.
The arrow closely misses you.
The centaur shoots an arrow.
The arrow closely misses you.
The centaur unwields a +0 shortbow.
The centaur hits you but does no damage.
The centaur closely misses you. The centaur barely misses you.
The centaur kicks you but does no damage.
Casting: Shock (safe; 8% risk of failure)
Confirm with . or Enter, or press ? or * to list all spells.
The centaur is struck by an arc of lightning.
The centaur is heavily wounded.
You are struck by an arc of lightning.
* * * LOW HITPOINT WARNING * * *
The lightning grounds out.
* * * LOW HITPOINT WARNING * * *
The centaur barely misses you. The centaur kicks you.
* * * LOW HITPOINT WARNING * * *
It was a potion of brilliance.
You feel clever all of a sudden. The centaur barely misses you.
The centaur kicks you.
* * * LOW HITPOINT WARNING * * *
The centaur hits you.
You die...

#######.# ##
#.......# #.
#.......# #.
#..>....### #.
#......... #.
#.......#
..####.###.......#
♣......@.........#
..####c###.......#
#. ###†#.....# ..
#<# ##### ### #.#
..# ####


You could see a centaur.

Vanquished Creatures
  3 adders (D:2)
  A dart slug (D:2)
  3 endoplasms (D:1)
  A giant cockroach (D:1)
  A hobgoblin (D:1)
  3 jackals (D:2)
  A quokka (D:1)
  5 ball pythons
  2 bats (D:1)
  3 frilled lizards (D:1)
  7 goblins (D:1)
  A kobold (D:1)
  A rat (D:1)
32 creatures vanquished.

Notes
Turn   | Place    | Note
-------+----------+-------------------------------------------
     0 | D:1      | garrulousMonolith the Djinni Air Elementalist began the
                  | quest for the Orb.
     0 | D:1      | Reached XP level 1. HP: 15/15 MP: 0/0
   421 | D:1      | Reached XP level 2. HP: 13/22 MP: 0/0
   852 | D:1      | Reached skill level 1 in Fighting
  1070 | D:1      | Reached XP level 3. HP: 20/27 MP: 0/0
  1070 | D:1      | Learned a level 1 spell: Corona
  1980 | D:2      | Reached XP level 4. HP: 29/33 MP: 0/0
  2370 | D:3      | Noticed a centaur
  2376 | D:3      | Slain by a centaur

Illustrated notes

Levels and vault maps discovered:
D:1:      roderic_crop_circles_arrival_small, layout_loops_ring,
          minmay_hedge_maze
D:2:      layout_basic
D:3:      layout_basic, hellmonk_ecumenical_altar_arch_garden, uniq_ijyb,
          uniq_crazy_yiuf_cottage

Skill      XL: |  1  2  3 |
---------------+----------+-----
Fighting       | 1 |  1.9
Stealth        | 2 |  2.0
Dodging        | |  2.8
Spellcasting   | |  2.9

Action                   |  1- 3 |  4- 6 || total
-------------------------+-------+-------++-------
 Cast: Shock             |    66 |    10 ||    76
       Static Discharge  |     1 |     2 ||     3
  Use: Potion            |       |     1 ||     1
Armor: Robe              |     1 |       ||     1
       Leather armour    |       |     2 ||     2
Dodge: Dodged            |     3 |     8 ||    11

Table legend: (Time is in decaauts)
 A = Elapsed time spent in this place.
 B = Non-inter-level travel time spent in this place.
 C = Inter-level travel time spent in this place.
 D = Time resting spent in this place.
 E = Time spent auto-exploring this place.
 F = Levels seen in this place.
 G = Mean time per level.
                   A        B        C        D        E       F      G
               +--------+--------+--------+--------+--------+-----+--------+
         Total |   2374 |   2341 |     33 |     62 |   2081 |   3 |  791.3 |
       Dungeon |   2374 |   2341 |     33 |     62 |   2081 |   3 |  791.3 |
               +--------+--------+--------+--------+--------+-----+--------+

Top non-repeatable levels by time:
     D:1: 1612 daAuts
     D:2: 737 daAuts
     D:3: 24 daAuts
